 Dungeon Crawl Stone Soup version 0.25-a0-365-g7600c65aa0 (webtiles) character file.

Game seed: 8014875756785715551, levelgen mode: deterministic

505070 Shadow153 the Executioner (level 23, -1/232 (234) HPs)
             Began as a Minotaur Berserker on Jan 5, 2020.
             Was the Champion of Trog.
             Killed from afar by a spriggan air mage (12 damage)
             ... with a bolt of lightning
             ... led by the Enchantress
             ... on level 2 of the Depths.
             The game lasted 05:06:09 (54947 turns).

Shadow153 the Executioner (Minotaur Berserker)     Turns: 54947, Time: 05:06:11

HP:   -1/232 (234)  AC: 32    Str: 32      XL:     23   Next: 82%
MP:   0/15          EV: 13    Int: -2 (4)  God:    Trog [******]
Gold: 2667          SH:  0    Dex: 14 (15) Spells: 22/22 levels left

rFire    + + .     SeeInvis .   g - +13 executioner's axe of Allinin {flame, rPois}
rCold    . . .     Gourm    .   (shield currently unavailable)
rNeg     . . .     Faith    .   N - +0 crystal plate armour
rPois    +         Spirit   +   D - +2 hat {MR+}
rElec    .         Reflect  .   l - scarf {Spirit}
rCorr    .         Harm     .   T - +2 pair of gloves {Dex+3}
MR       +++..                  z - +2 pair of boots {run}
Stlth    ..........             J - amulet of Varigh {rF++ Regen+ Str+2}
HPRegen  0.88/turn              P - +4 ring of strength
MPRegen  0.14/turn              A - ring "Laleatem" {rPois MR+ Stlth+}

@: slowed, lost intelligence, studying Fighting, extremely drained, very slow
A: retaliatory headbutt, horns 2, blurry vision 1, clumsy 2, deterioration 1,
low mp 3, screaming 1, subdued magic 2
}: 3/15 runes: serpentine, barnacled, slimy
a: Berserk, Trog's Hand, Brothers in Arms, Renounce Religion


You were on level 2 of the Depths.
You worshipped Trog.
Trog was exalted by your worship.
You were not hungry.

You visited 10 branches of the dungeon, and saw 46 of its levels.
You also visited: Bailey, Ice Cave and Desolation.

You collected 5620 gold pieces.
You spent 2953 gold pieces at shops.

Inventory:

Hand Weapons
 g - the +13 executioner's axe of Allinin (weapon) {flame, rPois}
   (Trog gifted it to you in the Desolation of Salt)

   It has been specially enchanted to burn those struck by it, causing extra
   injury to most foes and up to half again as much damage against particularly
   susceptible opponents.
   Big, fiery blades are also staple armaments of hydra-hunters.
   It protects you from poison.
 X - the +12 war axe of Higi {freeze, rElec rC+ MR+ Dex+3}
   (You found it on level 2 of the Lair of Beasts)

   It has been specially enchanted to freeze those struck by it, causing extra
   injury to most foes and up to half again as much damage against particularly
   susceptible opponents.
   It can also slow down cold-blooded creatures.
   It affects your dexterity (+3).
   It protects you from cold.
   It insulates you from electricity.
   It affects your resistance to hostile enchantments.
Missiles
 d - 1446 stones (quivered)
Armour
 l - a scarf of spirit shield (worn)
 z - a +2 pair of boots of running (worn)
 D - a +2 hat of magic resistance (worn)
 N - a +0 crystal plate armour (worn)
 T - a +2 pair of gloves of dexterity (worn)
Jewellery
 r - the amulet "Odiss" {RegenMP Int+4 Dex+4 Slay+2 SInv, unknown}
   (You found it on level 1 of the Depths)

   [amulet of magic regeneration]

   It increases your magic regeneration.
   It affects your intelligence (+4).
   It affects your dexterity (+4).
   It affects your accuracy and damage with ranged weapons and melee attacks
   (+2).
   It lets you see invisible.
 s - an uncursed amulet of harm {unknown}
 A - the ring "Laleatem" (right hand) {rPois MR+ Stlth+}
   (You found it on level 1 of the Lair of Beasts)

   [ring of poison resistance]

   It protects you from poison.
   It affects your resistance to hostile enchantments.
   It makes you more stealthy.
 J - the amulet of Varigh (around neck) {rF++ Regen+ Str+2}
   (You found it in the Desolation of Salt)

   [amulet of regeneration]

   It affects your strength (+2).
   It greatly protects you from fire.
   It increases your rate of regeneration.
 P - a +4 ring of strength (left hand)
Wands
 q - a wand of digging (5)
 B - a wand of flame (38)
 E - a wand of iceblast (70)
 H - a wand of acid (30)
 I - a wand of enslavement (28)
 R - a wand of scattershot (11)
 S - a wand of disintegration (13)
Scrolls
 e - 2 scrolls of identify
 f - 7 scrolls of magic mapping
 i - 27 scrolls of teleportation
 j - 14 scrolls of enchant armour
 k - 7 scrolls of fear
 m - 7 scrolls of immolation
 p - 2 scrolls of vulnerability
 t - 7 scrolls of enchant weapon
 w - 4 scrolls of summoning
 y - 19 scrolls of remove curse
 M - 2 scrolls of holy word
 U - 2 scrolls of silence
 Y - 3 scrolls of torment
 Z - 4 scrolls of blinking
Potions
 a - 4 potions of agility
 b - 19 potions of curing
 h - 8 potions of lignification
 n - 4 potions of cancellation
 o - 9 potions of heal wounds
 u - 6 potions of haste
 v - 6 potions of mutation
 C - 4 potions of resistance
 F - 3 potions of ambrosia
 G - 11 potions of might
 O - 7 potions of flight
Books
 x - a manual of Fighting
Comestibles
 c - 58 rations
 K - 18 chunks of flesh


   Skills:
 + Level 25.4(17.0) Fighting
 - Level 26.0(17.5) Axes
 - Level 5.0(0.0) Throwing
 * Level 22.0(14.1) Armour
 * Level 19.0(11.6) Dodging
 - Level 7.0(1.4) Stealth


You had 22 spell levels left.
You didn't know any spells.
Your spell library was empty.

Dungeon Overview and Level Annotations

Branches:
Dungeon (15/15)            Temple (1/1) D:7            Lair (6/6) D:9
 Shoals (4/4) Lair:2        Snake (4/4) Lair:4        Slime (5/5) Lair:5
    Orc (2/2) D:9             Elf (3/3) Orc:2        Vaults (4/5) D:14
  Crypt (0/3) Vaults:3     Depths (2/5) D:15         Bailey (visited)
  IceCv (visited)         Desolation (visited)

Altars:
Ashenzari
Cheibriados
Dithmenos
Elyvilon
Fedhas
Gozag
Hepliaklqana
Kikubaaqudgha
Makhleb
Nemelex Xobeh
Okawaru
Qazlal
Ru
Sif Muna
Trog
Uskayaw
Vehumet
Wu Jian
Xom
Yredelemnul
Zin
The Shining One

Shops:
D:7 (   D:15 *   Orc:2 [(*:   Elf:1 }   Elf:2 (   Elf:3 (   Shoals:3 ?(**
Shoals:4 (   Snake:4 }}=   Vaults:2 (*   Vaults:4 :   Depths:1 ?**(

Portals:
Hell: Depths:1
Pandemonium: Depths:2
Trove: D:10 (give 3 potions of resistance)

Annotations:
Shoals:1 Roxanne


Innate Abilities, Weirdness & Mutations

You reflexively headbutt those who attack you in melee.
You have a pair of horns on your head.
Scrolls take you a little longer to read.
You are very clumsy. (Dex -4)
Your body sometimes deteriorates upon taking damage.
Your magical capacity is extremely low. (-30% MP)
You occasionally shout uncontrollably at your foes.
Your spells are easier to cast, but less powerful.


Message History

The spriggan rider hits you from afar with a +0 spear!
* * * LOW HITPOINT WARNING * * *
The spriggan defender hits you but does no damage.
You feel drained.
The spriggan rider hits you but does no damage.
The spriggan defender hits you with a +5 demon whip of draining!!
* * * LOW HITPOINT WARNING * * *
You feel drained.
* * * LOW HITPOINT WARNING * * *
The spriggan defender misses you. You furiously retaliate!
You headbutt the spriggan defender.
The spriggan rider hits you but does no damage.
The spriggan air mage hits you but does no damage.
The spriggan defender hits you with a +5 demon whip of draining!
* * * LOW HITPOINT WARNING * * *
You feel drained.
* * * LOW HITPOINT WARNING * * *
The spriggan air mage points at you and mumbles some strange words.
The bolt of lightning hits you!
You die...

#.#
##########################.#
#..........................#
#........................).#
#..........................#
##############..####...#####
#...# #...# ###.#.####TT.#
#######.....@ii....#####
........#.#.#i#.#..(((.#
.........#.#.#.#[#....<######
........#.#.#.#.#(())........
#######..#.#...#.#..##...####
#.#.#.#.#.#..##....#
#########^.#.#∩.)#.#.#.....####
..........#.#.#)#.#............
.......^...#.#...#.#...........


You could see an iron troll, a spriggan defender, a spriggan rider, a spriggan
air mage and a deep troll shaman.

Vanquished Creatures
  Dissolution (Slime:4)
  the Royal Jelly (Slime:5)
  Sojobo (Vaults:2)
  Xtahua (Vaults:2)
  Nikola (Shoals:1)
  the Enchantress (Depths:2)
  A lich (Vaults:3)
  Jorgrun (Elf:1)
  3 deep elf master archers (Elf:3)
  23 acid blobs
  6 deep elf blademasters (Elf:3)
  Asterion (Snake:4)
  Polyphemus (Shoals:4)
  4 sphinxes
  3 tengu reavers
  Gastronok (Lair:1)
  Agnes (Snake:1)
  A storm dragon (Vaults:1)
  Kirke (Shoals:1)
  5 nagarajas (Snake:4)
  7 deep elf sorcerers
  A frost giant (Depths:1)
  7 vault wardens
  19 azure jellies
  Louise (Shoals:4)
  2 imperial myrmidons (Desolation)
  Aizul (Snake:2)
  An orc warlord (Orc:1)
  The ghost of Taampebul the Fighter, a journeyman MiFi of Okawaru (Shoals:3)
  4 deep elf elementalists (Elf:3)
  4 ironheart preservers
  2 spriggan defenders (Depths:2)
  3 entropy weavers
  7 stone giants
  6 very ugly things
  3 deep elf demonologists
  7 deep elf annihilators
  3 halazid warlocks (Desolation)
  A spark wasp (Depths:1)
  Snorg (Lair:3)
  A blizzard demon (Depths:1)
  The ghost of Jetofeiwo the Cleaver, a journeyman DsFi of Qazlal (D:12)
  2 deep elf death magi (Elf:3)
  5 fire dragons
  3 ettins
  12 death oozes
  8 merfolk javelineers (Shoals:4)
  Josephine (Lair:4)
  2 deep elf high priests (Elf:3)
  4 yaktaur captains
  8 merfolk impalers
  A crystal guardian (Vaults:4)
  9 servants of whispers (Desolation)
  8 ragged hierophants (Desolation)
  Fannar (D:10)
  3 rakshasas
  7 great orbs of eyes
  5 hydras
  5 peacekeepers (Desolation)
  3 vault guards (Vaults:4)
  9 naga warriors
  5 ice dragons
  The ghost of Ditsoc the Cleaver, a journeyman DsFi of Okawaru (Orc:1)
  2 catoblepae
  2 alligator snapping turtles
  5 merfolk aquamancers
  10 centaur warriors
  15 anacondas
  4 death knights
  6 merfolk avatars
  A satyr (Shoals:3)
  23 dancing weapons
  A tengu warrior (D:14)
  18 death yaks
  8 ogre magi
  3 deep troll earth magi
  3 deep troll shamans
  6 orc high priests
  30 two-headed ogres
  Urug (D:10)
  5 shock serpents
  10 naga sharpshooters
  23 deep elf knights
  A soul eater (Depths:1)
  15 skeletal warriors
  2 shadow wraiths
  6 salamander mystics
  2 iron trolls (D:15)
  2 unseen horrors
  2 storm dragon skeletons (Vaults:3)
  5 sea snakes
  2 shadow demons (Depths:1)
  3 wizards
  14 deep trolls
  3 glowing orange brains
  An infernal demonspawn (Depths:2)
  A flayed ghost (Vaults:4)
  15 orc knights
  2 phantasmal warriors
  An obsidian statue (Orc:1)
  16 deep elf archers
  15 ironbrand convokers
  7 naga ritualists
  4 lindwurms (Snake:4)
  2 wolf spider zombies
  67 deep elf magi
  A harpy (shapeshifter) (D:12)
  13 harpies (Shoals:4)
  12 mana vipers
  12 fauns
  9 orc sorcerers
  A mana viper (shapeshifter) (D:15)
  A wolf spider (Vaults:3)
  16 cyclopes
  A shining eye (shapeshifter) (Elf:3)
  10 manticores
  6 shining eyes
  25 ugly things
  4 centaur zombies
  4 oklob plants
  9 salamanders
  5 human skeletons (Vaults:3)
  6 water nymphs
  A guardian serpent (shapeshifter) (D:15)
  6 ice statues
  38 black mambas
  11 merfolk sirens
  Maurice (D:13)
  8 guardian serpents
  25 naga magi
  3 stone giant skeletons (Vaults:3)
  A molten gargoyle (Desolation)
  A spiny frog (shapeshifter) (D:15)
  8 vault sentinels
  3 gargoyles
  Joseph (Lair:1)
  11 spiny frogs
  An efreet (D:14)
  3 eyes of devastation
  2 rime drakes (Lair:4)
  6 ice devils
  6 kobold demonologists
  2 anaconda simulacra (IceCv)
  9 freezing wraiths
  A golden dragon simulacrum (IceCv)
  6 komodo dragons
  25 yaktaurs
  19 merfolk
  A queen bee (shapeshifter) (Vaults:4)
  8 trolls
  5 polar bears
  A polar bear (shapeshifter) (D:15)
  A troll (shapeshifter) (Vaults:2)
  68 saltlings
  9 wind drakes
  8 hornets
  114 slime creatures
  8 snapping turtles
  3 blink frogs (Lair:3)
  13 hippogriffs
  6 dream sheep
  A dream sheep (shapeshifter) (Vaults:3)
  An ettin skeleton (Vaults:3)
  5 redbacks
  3 air elementals
  A centaur simulacrum (D:15)
  11 spriggans (Lair:6)
  A redback (shapeshifter) (Vaults:4)
  2 shadows
  19 water elementals
  A tarantella (Vaults:2)
  46 yaks
  A human (shapeshifter) (Vaults:3)
  A tarantella (shapeshifter) (D:15)
  3 hogs (Shoals:1)
  7 wraiths
  A vampire (D:14)
  2 wyverns
  A wyvern (shapeshifter) (Vaults:3)
  A dire elephant simulacrum (IceCv)
  4 basilisks
  A golden eye (shapeshifter) (D:12)
  2 fire elementals
  6 golden eyes
  2 neqoxecs
  6 wargs
  6 vampire mosquitoes
  A hungry ghost (D:8)
  4 harpy simulacra (IceCv)
  38 nagas
  A hydra simulacrum (IceCv)
  A soldier ant (D:11)
  Duvessa (D:7)
  14 water moccasins
  2 acid dragons
  10 porcupines
  A deep troll skeleton (Vaults:3)
  53 orc warriors
  10 eyes of draining
  3 sky beasts
  A phantom (D:12)
  4 black bears (Lair:6)
  25 ogres
  9 ice beasts
  3 necrophages
  16 boggarts
  30 wolves
  19 centaurs
  An elf skeleton (Vaults:3)
  A big kobold (D:14)
  A crocodile (shapeshifter) (D:12)
  10 crocodiles
  21 bullfrogs
  3 earth elementals
  A gnoll sergeant (D:11)
  A water moccasin zombie (D:5)
  Dowan (D:7)
  A hornet simulacrum (Vaults:1)
  2 scorpions
  22 killer bees
  A killer bee (shapeshifter) (D:12)
  9 wights
  A howler monkey (D:5)
  10 crimson imps
  6 jellies
  A quasit (D:5)
  15 orc priests
  6 centaur skeletons
  5 hounds
  A bullfrog skeleton (D:8)
  A gnoll shaman (D:5)
  Jessica (D:3)
  5 iguanas
  27 orc wizards
  12 worker ants
  A killer bee zombie (D:10)
  A hound skeleton (D:8)
  Robin (D:4)
  12 gnolls
  A howler monkey skeleton (D:11)
  10 adders
  4 shadow imps
  7 ufetubi (D:12)
  An ooze (D:3)
  An adder skeleton (D:5)
  5 worms
  3 dart slugs
  3 leopard geckos
  90 orcs
  7 giant cockroaches
  17 goblins
  10 hobgoblins
  2 jackals (D:4)
  A jackal (shapeshifter) (D:12)
  9 quokkas
  2 ball pythons (D:3)
  9 bats
  2 frilled lizards (D:3)
  17 kobolds
  A leopard gecko zombie (D:7)
  A quokka skeleton (D:6)
  A quokka zombie (D:8)
  9 rats
  2 bushes
  3 crawling corpses (Elf:3)
  7 plants
1972 creatures vanquished.

Vanquished Creatures (others)
  A deep elf demonologist (Vaults:1)
  2 satyrs
  A deep elf mage (Vaults:1)
  A naga mage (Snake:4)
  A saltling (Desolation)
  An orc (Vaults:1)
  9 fungi
  8 plants
24 creatures vanquished.

Grand Total: 1996 creatures vanquished

Notes
Turn   | Place    | Note
-------+----------+-------------------------------------------
     0 | D:1      | Shadow153 the Minotaur Berserker began the quest for the
                  | Orb.
     0 | D:1      | Reached XP level 1. HP: 19/19 MP: 0/0
   273 | D:1      | Reached XP level 2. HP: 27/27 MP: 1/1
   274 | D:1      | Reached skill level 4 in Axes
   604 | D:2      | Reached XP level 3. HP: 33/33 MP: 2/2
   926 | D:2      | Reached ** piety under Trog
  1374 | D:2      | Reached XP level 4. HP: 41/41 MP: 3/3
  1793 | D:3      | Reached skill level 5 in Axes
  1917 | D:3      | Found a basalt altar of Yredelemnul.
  1937 | D:3      | Noticed Jessica
  1939 | D:3      | Killed Jessica
  1939 | D:3      | Reached XP level 5. HP: 47/47 MP: 4/4
  2209 | D:3      | Reached *** piety under Trog
  2466 | D:4      | Noticed an ogre
  2512 | D:3      | Killed an ogre
  2512 | D:3      | Reached skill level 5 in Fighting
  2512 | D:3      | Reached skill level 6 in Axes
  2512 | D:3      | Reached XP level 6. HP: 15/56 MP: 5/5
  2983 | D:4      | Reached skill level 7 in Axes
  3140 | D:4      | Reached XP level 7. HP: 58/61 MP: 6/6
  3155 | D:4      | Found a shattered altar of Ashenzari.
  3273 | D:4      | Noticed Robin
  3295 | D:4      | Killed Robin
  3495 | D:5      | Entered Level 5 of the Dungeon
  3570 | D:5      | Reached skill level 8 in Axes
  3657 | D:5      | Reached **** piety under Trog
  3728 | D:5      | Reached skill level 5 in Armour
  3835 | D:5      | Reached XP level 8. HP: 63/70 MP: 7/7
  3842 | D:5      | Reached skill level 9 in Axes
  4487 | D:6      | Reached skill level 10 in Axes
  4628 | D:6      | Found a snail-covered altar of Cheibriados.
  4906 | D:7      | Found Yxiol's Antique Weapon Emporium.
  4987 | D:7      | Reached XP level 9. HP: 79/79 MP: 8/8
  5015 | D:7      | Noticed Dowan
  5016 | D:7      | Noticed Duvessa
  5023 | D:7      | Killed Dowan
  5023 | D:7      | Reached skill level 11 in Axes
  5029 | D:7      | Killed Duvessa
  5369 | D:7      | Found a staircase to the Ecumenical Temple.
  5378 | Temple   | Entered the Ecumenical Temple
  5706 | D:8      | Found an iron altar of Okawaru.
  5738 | D:8      | Reached ***** piety under Trog
  5738 | D:8      | Received a gift from Trog
  5752 | D:8      | Reached skill level 12 in Axes
  5760 | D:8      | Reached skill level 5 in Dodging
  5878 | D:8      | Reached skill level 13 in Axes
  5959 | D:8      | Reached XP level 10. HP: 81/90 MP: 9/9
  6405 | D:9      | Reached skill level 14 in Axes
  6415 | D:9      | Found a staircase to the Orcish Mines.
  6613 | D:9      | Found a staircase to the Lair.
  6631 | D:9      | Received a gift from Trog
  6664 | D:9      | Got a faintly glowing war axe {god gift}
  6664 | D:9      | Identified the +5 war axe of the Moth {chop, rC+ Str+5
                  | SInv} (Trog gifted it to you on level 9 of the Dungeon)
  6880 | D:10     | Entered Level 10 of the Dungeon
  6951 | D:10     | Noticed Urug
  6954 | D:10     | Killed Urug
  7019 | D:10     | Found a portal to a secret trove of treasure.
  7213 | D:10     | Noticed Fannar
  7233 | D:10     | Killed Fannar
  7517 | D:10     | Reached XP level 11. HP: 99/99 MP: 10/10
  7592 | D:11     | Reached skill level 10 in Fighting
  7592 | D:11     | Reached skill level 15 in Axes
  7874 | D:11     | Noticed a two-headed ogre
  7879 | D:11     | Killed a two-headed ogre
  7946 | D:11     | Noticed a seven-headed hydra
  7953 | D:11     | Killed a four-headed hydra
  8044 | D:11     | Noticed a red ugly thing
  8065 | D:10     | Killed a red ugly thing
  8200 | D:11     | Noticed a two-headed ogre
  8206 | D:11     | Killed a two-headed ogre
  8377 | D:12     | Reached skill level 16 in Axes
  8499 | D:12     | Received a gift from Trog
  8507 | D:12     | Noticed a two-headed ogre
  8523 | D:11     | Killed a two-headed ogre
  8665 | D:12     | Noticed a five-headed hydra
  8670 | D:12     | Killed a one-headed hydra
  8703 | D:12     | Noticed a death knight
  8740 | D:12     | Killed a death knight
  8740 | D:12     | Reached XP level 12. HP: 110/110 MP: 11/11
  8954 | D:12     | Reached skill level 17 in Axes
  9238 | D:12     | Found a runed translucent gate.
  9238 | D:12     | Found a runed translucent gate.
  9238 | D:12     | Found a runed translucent gate.
  9240 | D:12     | Noticed a cyan very ugly thing
  9496 | D:13     | Noticed Maurice
  9535 | D:13     | Killed Maurice
 10278 | D:14     | Noticed a centaur warrior
 10279 | D:14     | Reached skill level 18 in Axes
 10281 | D:14     | Received a gift from Trog
 10311 | D:14     | Killed a centaur warrior
 10458 | D:14     | Noticed a centaur warrior
 10464 | D:14     | Killed a centaur warrior
 10539 | D:14     | Noticed a five-headed hydra
 10547 | D:14     | Killed a two-headed hydra
 10602 | D:14     | Noticed a tengu warrior
 10605 | D:14     | Killed a tengu warrior
 10657 | D:14     | Reached XP level 13. HP: 87/119 MP: 12/12
 11046 | D:14     | Found a gate to the Vaults.
 11046 | D:14     | Noticed an ironheart preserver
 11057 | D:14     | Killed an ironheart preserver
 11135 | D:14     | Reached skill level 10 in Armour
 11234 | D:14     | Received a gift from Trog
 11262 | D:14     | Reached skill level 19 in Axes
 11565 | D:15     | Entered Level 15 of the Dungeon
 11884 | D:15     | Found Haeromp's Assorted Antiques.
 11908 | D:15     | Found a burning altar of Makhleb.
 12081 | D:15     | Reached skill level 20 in Axes
 12158 | D:15     | Found a staircase to the Depths.
 12208 | D:15     | Reached XP level 14. HP: 108/133 MP: 11/13
 12563 | D:12     | Received a gift from Trog
 12659 | D:12     | Killed a red very ugly thing
 12659 | D:12     | Reached skill level 15 in Fighting
 12705 | D:12     | Found a runed translucent gate.
 12705 | D:12     | Found a runed translucent gate.
 12708 | D:12     | Found a runed translucent gate.
 12711 | D:12     | Noticed Jetofeiwo's ghost (journeyman DsFi)
 12828 | D:12     | Killed Jetofeiwo's ghost
 13059 | Orc:1    | Entered Level 1 of the Orcish Mines
 13224 | Orc:1    | Found a flagged portal.
 13229 | Bailey   | Entered a bailey
 13507 | Bailey   | Found a roughly hewn altar of Beogh.
 13801 | Orc:2    | Entered Level 2 of the Orcish Mines
 13825 | Orc:2    | Reached skill level 1 in Throwing
 13841 | Orc:2    | Noticed an orc warlord
 13868 | Orc:1    | Killed an orc warlord
 13938 | Orc:2    | Received a gift from Trog
 14010 | Orc:2    | Reached skill level 10 in Dodging
 14010 | Orc:2    | Reached XP level 15. HP: 143/143 MP: 4/14
 14029 | Orc:2    | Found Fimaj's Book Boutique.
 14039 | Orc:2    | Found a staircase to the Elven Halls.
 14238 | Orc:2    | Found Iroasydgh's Antique Armour Emporium.
 14298 | Orc:2    | Gained mutation: Your spells are a little easier to cast,
                  | but a little less powerful. [a neqoxec]
 14325 | Orc:2    | Found Paesiege's General Store.
 14401 | Orc:2    | Found Nocosete's Antique Weapon Shop.
 14852 | Orc:1    | Received a gift from Trog
 14853 | Orc:1    | Found the +8 mithril axe "Arga" {speed, MR+}
 15059 | Orc:1    | Found a runed translucent gate.
 15060 | Orc:1    | Found a runed translucent gate.
 15060 | Orc:1    | Found an opulent altar of Gozag.
 15061 | Orc:1    | Found a runed translucent gate.
 15063 | Orc:1    | Noticed Ditsoc's ghost (journeyman DsFi)
 15092 | Orc:1    | Killed Ditsoc's ghost
 15308 | Elf:1    | Entered Level 1 of the Elven Halls
 15801 | Elf:1    | Reached XP level 16. HP: 125/152 MP: 15/15
 16069 | Elf:1    | Received a gift from Trog
 16490 | Elf:1    | Found Dopla's Gadget Shoppe.
 16509 | Elf:1    | Noticed Jorgrun
 16523 | Elf:1    | Killed Jorgrun
 17032 | Elf:2    | Found a shimmering blue altar of Sif Muna.
 17368 | Elf:2    | Reached skill level 5 in Throwing
 17496 | Elf:2    | Found Uwapra's Weapon Emporium.
 17565 | Elf:2    | Found a huge runed translucent gate.
 17567 | Elf:2    | Found a huge runed translucent gate.
 17567 | Elf:2    | Found a huge runed translucent gate.
 17568 | Elf:2    | Found a huge runed translucent gate.
 17568 | Elf:2    | Found a huge runed translucent gate.
 17784 | Elf:2    | Reached ****** piety under Trog
 17784 | Elf:2    | Received a gift from Trog
 17785 | Elf:2    | Found the +7 pair of quick blades "Gyre" and "Gimble"
                  | {protect}
 18485 | Elf:3    | Entered Level 3 of the Elven Halls
 18485 | Elf:3    | Found Dokey's Weapon Boutique.
 18847 | Elf:3    | Received a gift from Trog
 19046 | Elf:3    | Reached XP level 17. HP: 66/168 MP: 16/16
 19960 | Lair:1   | Entered Level 1 of the Lair of Beasts
 20178 | Lair:1   | Noticed Joseph
 20186 | Lair:1   | Killed Joseph
 20412 | Lair:1   | Noticed Gastronok
 20423 | Lair:1   | Killed Gastronok
 20608 | Lair:1   | You fall into a shaft and drop 1 floor!
 20784 | Lair:2   | Found a staircase to the Shoals.
 20788 | Lair:2   | Received a gift from Trog
 20959 | Lair:2   | Got a fine war axe
 20959 | Lair:2   | Identified the +12 war axe of Higi {freeze, rElec rC+ MR+
                  | Dex+3} (You found it on level 2 of the Lair of Beasts)
 21490 | Lair:3   | Noticed Snorg
 21497 | Lair:3   | Killed Snorg
 22201 | Lair:4   | Noticed Josephine
 22250 | Lair:4   | Killed Josephine
 22423 | Lair:4   | Found a frozen archway.
 22473 | Lair:4   | You fall into a shaft and drop 1 floor!
 22487 | Lair:5   | Found a staircase to the Slime Pits.
 22689 | Lair:4   | Found a staircase to the Snake Pit.
 22791 | Lair:4   | Received a gift from Trog
 22813 | Lair:4   | Got a fine battleaxe {god gift}
 22813 | Lair:4   | Identified the +10 battleaxe of the Snake Pit {flame, +Inv
                  | Str+3} (Trog gifted it to you on level 4 of the Lair of
                  | Beasts)
 23721 | Lair:6   | Entered Level 6 of the Lair of Beasts
 24080 | Lair:6   | Received a gift from Trog
 24151 | Lair:6   | Reached skill level 15 in Armour
 25104 | Orc:2    | Bought a smoking scale mail for 252 gold pieces
 25104 | Orc:2    | Bought a runed plate armour for 728 gold pieces
 25117 | Orc:2    | Bought a +2 pair of gloves of dexterity for 301 gold pieces
 25137 | Orc:2    | Identified the cursed +1 scale mail of the Trout {*Drain
                  | Dex+5} (You bought it in a shop on level 2 of the Orcish
                  | Mines)
 25302 | Snake:1  | Entered Level 1 of the Snake Pit
 25977 | Snake:1  | Noticed Agnes
 25981 | Snake:1  | Killed Agnes
 25981 | Snake:1  | Reached skill level 15 in Dodging
 26067 | Snake:1  | Reached XP level 18. HP: 168/178 MP: 17/17
 26285 | Snake:2  | Received a gift from Trog
 26857 | Snake:2  | Noticed Aizul
 26868 | Snake:2  | Killed Aizul
 27719 | Snake:3  | Received a gift from Trog
 28201 | Snake:4  | Entered Level 4 of the Snake Pit
 28536 | Snake:4  | Noticed Asterion
 28554 | Snake:4  | Killed Asterion
 28952 | Snake:4  | Found Wuoloo Wuxi's Jewellery Shop.
 28952 | Snake:4  | Found Ulein's Gadget Shoppe.
 28953 | Snake:4  | Found Cuhatyim's Gadget Shoppe.
 28963 | Snake:4  | Bought a +5 amulet of reflection for 741 gold pieces
 29407 | Snake:4  | Received a gift from Trog
 30350 | Snake:4  | Reached skill level 1 in Stealth
 31060 | Snake:4  | Received a gift from Trog
 31435 | Snake:4  | Reached XP level 19. HP: 136/187 MP: 12/18
 31793 | Snake:4  | Got a serpentine rune of Zot
 32078 | Shoals:1 | Entered Level 1 of the Shoals
 32196 | Shoals:1 | Identified Roxanne's Handbook of Moulding
 32196 | Shoals:1 | Noticed Roxanne
 32232 | Shoals:1 | Noticed Nikola
 32368 | Shoals:1 | Killed Nikola
 33041 | Shoals:2 | Received a gift from Trog
 33167 | Shoals:1 | Noticed Kirke
 33178 | Shoals:1 | Killed Kirke
 34261 | Shoals:3 | Found a frozen archway.
 34308 | IceCv    | Entered an ice cave
 34320 | IceCv    | Received a gift from Trog
 34338 | IceCv    | Got a dazzling executioner's axe {god gift}
 34338 | IceCv    | Lost intelligence.
 34338 | IceCv    | Identified the +1 executioner's axe of Wyloeg {chop, rN++
                  | Int-5} (Trog gifted it to you in an ice cave)
 34796 | Shoals:3 | Found Eblozxu's Magic Scroll Boutique.
 34905 | Shoals:3 | Bought a scroll of enchant weapon for 135 gold pieces
 34905 | Shoals:3 | Bought a scroll of vulnerability for 135 gold pieces
 34905 | Shoals:3 | Bought a scroll of summoning for 171 gold pieces
 35046 | Shoals:3 | Found a runed translucent door.
 35046 | Shoals:3 | Noticed Taampebul's ghost (journeyman MiFi)
 35054 | Shoals:3 | Killed Taampebul's ghost
 35594 | Shoals:3 | Found Dahur's Assorted Antiques.
 35661 | Shoals:3 | Found Qexeg's Assorted Antiques.
 35692 | Shoals:3 | Found Plog's Antique Weapon Shop.
 35780 | Shoals:4 | Entered Level 4 of the Shoals
 35780 | Shoals:4 | Found Odeve's Weapon Boutique.
 35844 | Shoals:4 | Received a gift from Trog
 35961 | Shoals:4 | Identified the ring of Ymaqiy {Ice rN+}
 36355 | Shoals:4 | Noticed Louise
 36357 | Shoals:4 | Noticed Polyphemus
 36378 | Shoals:4 | Killed Polyphemus
 36398 | Shoals:4 | Killed Louise
 36786 | Shoals:4 | Reached skill level 5 in Stealth
 36961 | Shoals:4 | Reached XP level 20. HP: 197/200 MP: 19/19
 37060 | Shoals:4 | Received a gift from Trog
 37909 | Shoals:4 | Got a barnacled rune of Zot
 38111 | Shoals:3 | Bought a pair of runed boots for 330 gold pieces
 38127 | Shoals:3 | Identified a +2 pair of boots of running (You bought it in
                  | a shop on level 3 of the Shoals)
 38409 | Vaults:1 | Entered Level 1 of the Vaults
 38672 | Vaults:1 | Found a ruined gateway.
 38713 | Vaults:1 | Received a gift from Trog
 38765 | Desolati | Entered the Desolation of Salt
 38796 | Desolati | Found the +3 robe of Folly {Archmagi, MR-- Int+5}
 38818 | Desolati | Identified the amulet "Xelujaenk" {Gourm rPois}
 38878 | Desolati | Got a brightly glowing graven amulet
 38879 | Desolati | Identified the amulet of Varigh {rF++ Regen+ Str+2} (You
                  | found it in the Desolation of Salt)
 39000 | Desolati | Found the +9 heavy crossbow "Sniper" {velocity, Acc+∞ SInv}
 39002 | Desolati | Got a sparkling crystal amulet
 39003 | Desolati | Identified the amulet of Xom's Flight of Fancy {Gourm MR+
                  | Stlth+} (You found it in the Desolation of Salt)
 39188 | Desolati | Received a gift from Trog
 39191 | Desolati | Got a jewelled executioner's axe {god gift}
 39215 | Desolati | Identified the +13 executioner's axe of Allinin {flame,
                  | rPois} (Trog gifted it to you in the Desolation of Salt)
 39485 | Desolati | Got a pitted amber ring
 39524 | Desolati | Received a gift from Trog
 39755 | Vaults:1 | Identified the ring "Xahirefagh" {Wiz rPois Int+3 Stlth+}
                  | (You found it in the Desolation of Salt)
 40239 | Vaults:1 | Reached XP level 21. HP: 68/211 MP: 20/20
 40678 | Vaults:1 | Received a gift from Trog
 41064 | Vaults:1 | Identified 2 scrolls of acquirement
 41282 | Vaults:2 | Found Nidghaan's Assorted Antiques.
 41369 | Vaults:2 | Reached skill level 21 in Axes
 41523 | Vaults:2 | Received a gift from Trog
 41526 | Vaults:2 | Got a warped battleaxe {god gift}
 41790 | Vaults:2 | Noticed Xtahua
 41800 | Vaults:2 | Killed Xtahua
 41908 | Vaults:2 | Noticed Sojobo
 41926 | Vaults:2 | Killed Sojobo
 42144 | Vaults:2 | Found Archyrut's Weapon Boutique.
 42899 | Vaults:3 | Received a gift from Trog
 42903 | Vaults:3 | Reached skill level 22 in Axes
 43132 | Vaults:3 | Identified the +4 battleaxe of Fooloomn {chop, *Corrode rF+
                  | rC++} (Trog gifted it to you on level 2 of the Vaults)
 43702 | Vaults:3 | Received a gift from Trog
 43716 | Vaults:3 | Found a staircase to the Crypt.
 44328 | Vaults:4 | Reached skill level 23 in Axes
 44465 | Vaults:4 | Reached XP level 22. HP: 222/222 MP: 21/21
 44491 | Vaults:4 | Received a gift from Trog
 44711 | Vaults:4 | Found Koal's Book Emporium.
 45680 | Slime:1  | Entered Level 1 of the Pits of Slime
 45705 | Slime:1  | Gained mutation: Your magical capacity is low. (-10% MP) [a
                  | shining eye]
 45736 | Slime:1  | You fall into a shaft and drop 1 floor!
 45778 | Slime:2  | Received a gift from Trog
 46015 | Slime:1  | You fall into a shaft and drop 1 floor!
 46084 | Slime:1  | Gained mutation: Your magical capacity is very low. (-20%
                  | MP) [a shining eye]
 47117 | Slime:4  | Gained mutation: You are clumsy. (Dex -2) [a shining eye]
 47130 | Slime:4  | Reached skill level 24 in Axes
 47134 | Slime:4  | Gained mutation: You are very clumsy. (Dex -4) [a shining
                  | eye]
 47354 | Slime:5  | Entered Level 5 of the Pits of Slime
 47432 | Slime:5  | Noticed the Royal Jelly
 47440 | Slime:5  | Noticed Dissolution
 47449 | Slime:5  | Paralysed by a floating eye for 3 turns
 47652 | Slime:4  | Killed Dissolution
 47652 | Slime:4  | Received a gift from Trog
 47737 | Slime:4  | Got a transparent battleaxe {god gift}
 47737 | Slime:4  | Identified the +8 battleaxe of Nihilism {chop, +Blink rC+
                  | Str+3} (Trog gifted it to you on level 4 of the Pits of
                  | Slime)
 47961 | Slime:5  | Killed the Royal Jelly
 48927 | Slime:5  | Gained mutation: Your body sometimes deteriorates upon
                  | taking damage. [a shining eye]
 49064 | Slime:5  | Identified the Catalogue of Dark Toxins
 49066 | Slime:5  | Got a slimy rune of Zot
 49109 | Slime:5  | Got a wavering granite ring
 49123 | Slime:5  | Identified the Compendium of Twisted Changing
 49189 | Slime:5  | Identified the ring "Kaycofud" {AC+4 SInv} (You found it on
                  | level 5 of the Pits of Slime)
 49843 | Lair:1   | Reached XP level 23. HP: 219/227 MP: 17/17
 49861 | Lair:1   | Got a steaming brass ring
 49863 | Lair:1   | Identified the ring "Laleatem" {rPois MR+ Stlth+} (You
                  | found it on level 1 of the Lair of Beasts)
 49866 | Lair:1   | Got a shimmering cloak
 49876 | Lair:1   | Identified the +2 cloak "Jodiacwe" {Str-4 Dex+3 Slay+2}
                  | (You found it on level 1 of the Lair of Beasts)
 49912 | Lair:1   | Got a distressingly furry hat
 49922 | Lair:1   | Identified the +2 hat of Absence {-Tele rPois rN+ Str+2}
                  | (You acquired it on level 1 of the Lair of Beasts)
 50403 | Elf:3    | Reached skill level 25 in Axes
 50639 | Elf:3    | Received a gift from Trog
 50856 | Elf:3    | Identified the ring "Uruack" {rPois Str-2 Int+3 Slay+5
                  | Stlth+}
 51165 | Elf:3    | Got a steaming granite ring
 51190 | Elf:3    | Identified the ring of Starshine {SInv Stlth+} (You found
                  | it on level 3 of the Elven Halls)
 51250 | Elf:3    | Identified the Collected Works on Burning Dislocation
 51276 | Elf:3    | Identified the +2 storm dragon scales of the Farrier {rElec
                  | rPois} (You found it on level 3 of the Elven Halls)
 51600 | Depths:1 | Entered Level 1 of the Depths
 51771 | Depths:1 | Found Texioto's Assorted Antiques.
 51816 | Depths:1 | Found Lujuykhla's Antique Weapon Boutique.
 51816 | Depths:1 | Found Dixozetusch's Magic Scroll Shop.
 51819 | Depths:1 | Found Hiuloer's General Store.
 51827 | Depths:1 | Bought a potion of resistance for 160 gold pieces
 51919 | Depths:1 | Found a gateway to Hell.
 52062 | Depths:1 | Received a gift from Trog
 52302 | Depths:1 | Found a shimmering blue altar of Sif Muna.
 52400 | Depths:1 | Reached skill level 26 in Axes
 52422 | Depths:1 | Gained mutation: Scrolls take you a little longer to read.
                  | [a neqoxec]
 52425 | Depths:1 | Gained mutation: You occasionally shout uncontrollably at
                  | your foes. [a neqoxec]
 52428 | Depths:1 | Gained mutation: Your magical capacity is extremely low.
                  | (-30% MP) [a neqoxec]
 52437 | Depths:1 | Lost intelligence.
 53977 | Depths:1 | Got a warped bronze amulet
 54078 | Depths:1 | Found Lujuykhla's Antique Weapon Boutique.
 54078 | Depths:1 | Found Dixozetusch's Magic Scroll Shop.
 54079 | Depths:1 | Found Hiuloer's General Store.
 54081 | Depths:1 | Found Texioto's Assorted Antiques.
 54189 | Depths:1 | Found a shimmering blue altar of Sif Muna.
 54302 | Depths:1 | Found a gateway to Hell.
 54607 | Depths:2 | Gained mutation: Your spells are easier to cast, but less
                  | powerful. [a neqoxec]
 54612 | Depths:2 | Found a one-way gate leading to the halls of Pandemonium.
 54903 | Depths:2 | Noticed the Enchantress
 54929 | Depths:2 | Killed the Enchantress
 54947 | Depths:2 | HP: 11/232 [spriggan defender/+5 demon whip of draining[the
                  | Enchantress] (4)]
 54947 | Depths:2 | Killed from afar by a spriggan air mage

Levels and vault maps discovered:
D:1:      grunt_arrival_crossed_arrows, layout_rooms, minmay_bisected
D:2:      layout_loops_corners, first_ration, st_stairs_10
D:3:      layout_loops_ring, lemuel_crystal_altar, uniq_jessica
D:4:      layout_rooms, cheibrodos_ashenzari_chains, uniq_robin
D:5:      layout_basic
D:6:      layout_rooms, cheibrodos_worm_habitat
D:7:      layout_basic, minmay_temple_entry_gardened_gates, serial_shops,
          nicolae_shop_crystal, grunt_ogre_cave, uniq_duvessa
D:8:      layout_rooms, hex_large, okawaru_trees_1
D:9:      layout_rooms, dpeg_oklobed_lair, orc_david_3
D:10:     layout_roguey, nicolae_trove_entry_crossroad,
          hangedman_decor_peaks_small, uniq_urug, uniq_fannar
D:11:     layout_roguey
D:12:     cheibrodos_frozen_isle, layout_basic,
          ploomutoo_gammafunk_ghost_potion_laboratory, kennysheep_generic_room_3
D:13:     layout_irregular_city, uniq_maurice
D:14:     layout_stronghold, skrybe_vaults_entry_preservation,
          solitary_fountain, kennysheep_generic_room_8
D:15:     gammafunk_enter_depths_forms, layout_loops_ring, serial_shops, shop,
          lemuel_crystal_altar, minmay_misc_feat_diagonals, dk_noncrumbling_4,
          palyth_stone_intersect
Temple:   roderic_octagonal_lattice_temple
Lair:1:   layout_regular_city, lemuel_fruit_fields, grunt_megastairs_4,
          minmay_lair_oklob_chamber, uniq_gastronok, uniq_joseph
Lair:2:   layout_loops_ring, minmay_shoals_entry_centaurs, serial_bayou_shore_a
Lair:3:   layout_cave_pods, beast_lair_carwin_11, lemuel_fruit_tree, uniq_snorg
Lair:4:   layout_roguey, dummy_snake_entry, portal_ice_cave_rime,
          serial_bayou_shore_b, infiniplex_staircase_pool_2, grunt_megastairs_2,
          lemuel_fruit_fields, uniq_josephine
Lair:5:   layout_loops_ring, slime_dummy, grunt_megastairs_3
Lair:6:   minmay_lair_end_enchanted_forest, layout_cave_pods
Shoals:1: layout_shoals, uniq_nikola, uniq_kirke, uniq_roxanne
Shoals:2: layout_shoals, st_cyclops
Shoals:3: layout_shoals, serial_shops, nicolae_shop_crystal,
          nicolae_shop_overgrown_old_shop, shop,
          nicolae_shop_overgrown_old_shop, portal_ice_cave_entry_dragon,
          ebering_ghost_inner_flame
Shoals:4: shoals_end_hangedman, layout_shoals, serial_shops,
          nicolae_shop_waterfront, uniq_louise, uniq_polyphemus
Snake:1:  layout_basic, uniq_agnes
Snake:2:  layout_cave_pods, nicolae_snake_double_loop, grunt_ministairs_14,
          uniq_aizul
Snake:3:  layout_misc_corridors
Snake:4:  snake_pit_salamanders_mu, layout_cave_shapes, minmay_shop_grove,
          uniq_asterion
Slime:1:  layout_caves
Slime:2:  layout_caves
Slime:3:  layout_caves
Slime:4:  layout_caves
Slime:5:  uniq_dissolution
Orc:1:    layout_caves, ebering_ghost_gozag, enter_bailey_3
Orc:2:    grunt_orc_gardens, layout_caves, grunt_orc_garden, grunt_orc_garden,
          grunt_orc_garden, grunt_orc_garden
Elf:1:    eino_elf_arrival_shootout, layout_loops_corners, serial_shops, shop,
          minmay_elf_sorcery, uniq_jorgrun
Elf:2:    layout_onion_city, serial_shops, nicolae_shop_behind_doors,
          basic_altar
Elf:3:    minmay_elf_hall, layout_geoelf_castle, serial_shops, shop,
          serial_sigils, serial_sigils_hangedman_scar,
          serial_sigils_hangedman_leer, drop_trap
Vaults:1: hangedman_vaults_cutoff, vaults_room_pools, v_misc_3,
          nicolae_vaults_what_the_h, nicolae_vaults_little_squares_1,
          ontoclasm_vaults_spin, nicolae_vaults_ninety_degrees,
          vaults_room_door_ring, vaults_standard_mumra_x,
          ontoclasm_vaults_gateway, nicolae_vaults_little_squares_2,
          nicolae_vaults_little_squares_5, nicolae_vaults_little_squares_6,
          v_misc_24, ontoclasm_vaults_twist, layout_vaults_ring,
          portal_desolation_entry_salt
Vaults:2: nicolae_vaults_network_quinsquares
          [nicolae_vaults_network_quincunx_subvault,
          nicolae_vaults_network_quincunx_subvault,
          nicolae_vaults_network_quincunx_subvault,
          nicolae_vaults_network_quincunx_subvault], vaults_room_stairs_pillars,
          v_misc_16, v_misc_27, hangedman_vaults_impose,
          ontoclasm_vaults_loading_screen, v_pattern_5, vaults_room_corners,
          layout_vaults_omnigrid, serial_shops, nicolae_shop_overgrown_old_shop,
          shop, uniq_xtahua, uniq_sojobo
Vaults:3: ontoclasm_vaults_fault, st_quartered_hall, vaults_dpeg_doors,
          vaults_standard_mumra_enter_the_diamond, grunt_vaults_bifocal,
          v_misc_29, ontoclasm_vaults_tryst, nicolae_vaults_shelves_hall,
          minmay_crypt_entry_skeletal_spiral, vaults_room_fours,
          hangedman_vaults_nails, grunt_vaults_hallway_long,
          hangedman_vaults_stagger, nicolae_vaults_rhombus_7,
          vaults_room_door_ring, vaults_room_pool, hangedman_vaults_nails,
          vaults_room_stairs_pillars, layout_vaults_omnicross
Vaults:4: vaults_room_grunt_arrival_ludios, nicolae_vaults_hallways_thing,
          v_rooms_2, vaults_mumra_chevron_long, vaults_mumra_minichess,
          vaults_room_grid, ontoclasm_vaults_ring_square,
          ontoclasm_vaults_pinch, ontoclasm_vaults_ring_square,
          layout_vaults_chaotic_city, serial_shops, shop_statue
Depths:1: layout_cave_shapes, hell_entry, minmay_strange_pillars,
          grunt_decor_cap, minmay_misc_feat_chi, hangedman_summoners_spam,
          kennysheep_random_hallway, minmay_shoptagon, firewood_loft,
          serial_bayou_shore_b
Depths:2: evilmike_pillar_path, layout_long_grid, pf_coc_iceberg,
          rand_demon_pan_entry_3, serial_shops, nicolae_shop_crystal,
          chequers_serial_rivers_small_a, abyss_entry, uniq_bai_suzhen,
          uniq_enchantress

Skill      XL: |  1  2  3  4  5  6  7  8  9 10 11 12 13 14 15 16 17 18 19 20 21 22 23 |
---------------+----------------------------------------------------------------------+-----
Axes           | 4 5 6 7 8 10 13 14 16 18 20 23 24 26 | 26.0
Fighting       | 4 5 6 7 8 9 11 12 14 15 16 19 20 22 23 24 25 | 25.4
Armour         | 3 4 5 6 7 8 9 10 12 13 15 19 20 21 22 | 22.0
Dodging        | 3 4 5 6 7 8 10 11 13 15 16 17 18 19 | 19.0
Throwing       | 1 3 5 |  5.0
Stealth        | 2 5 7 |  7.0

Action                   |  1- 3 |  4- 6 |  7- 9 | 10-12 | 13-15 | 16-18 | 19-21 | 22-24 || total
-------------------------+-------+-------+-------+-------+-------+-------+-------+-------++-------
Melee: Hand axe          |    47 |       |       |       |       |       |       |       ||    47
       Headbutt          |    15 |    16 |    58 |    88 |   138 |   340 |   408 |   217 ||  1280
       War axe           |    48 |   111 |   241 |    10 |    34 |   573 |   204 |   165 ||  1386
       Battleaxe         |       |       |    39 |   407 |   524 |   402 |   538 |       ||  1910
       Broad axe         |       |       |       |       |    82 |   381 |       |       ||   463
       Executioner's axe |       |       |       |       |       |       |   495 |   516 ||  1011
Throw: Stone             |       |       |       |       |       |       |     4 |       ||     4
Invok: Berserk           |       |       |     1 |     6 |     4 |       |       |     2 ||    13
  Use: Scroll            |       |       |    12 |     2 |     2 |     4 |    23 |    11 ||    54
       Potion            |       |       |       |       |     2 |     4 |     1 |     2 ||     9
 Stab: Petrifying        |       |       |       |       |       |       |     3 |       ||     3
       Distracted        |       |       |       |       |       |       |     2 |       ||     2
       Petrified         |       |       |       |       |       |       |     1 |       ||     1
  Eat: Chunk             |     2 |     5 |    10 |    20 |    18 |    29 |    37 |     9 ||   130
       Ration            |       |       |       |       |     1 |     6 |     2 |     8 ||    17
Armor: Ring mail         |    33 |    16 |       |       |       |       |       |       ||    49
       Chain mail        |       |    34 |     2 |       |       |       |       |       ||    36
       Plate armour      |       |       |    55 |       |       |   209 |   240 |       ||   504
       Quicksilver drago |       |       |    76 |   169 |   186 |   174 |       |       ||   605
       Crystal plate arm |       |       |       |       |       |       |   329 |   601 ||   930
Dodge: Dodged            |    53 |    62 |   158 |   276 |   447 |   831 |   813 |   517 ||  3157
Block: Other             |       |       |       |       |       |    24 |   127 |       ||   151
       Reflection        |       |       |       |       |       |     2 |    20 |       ||    22

Table legend:
 A = Non-vault XP
 B = Vault XP
 C = Vault XP percentage of total XP
 D = Non-vault monster count
 E = Vault monster count
 F = Vault count percentage of total count
                 A         B        C        D         E       F
            +---------+---------+-------+---------+---------+-------
      Total |  461075 |  456864 |  49.8 |    1231 |     704 |  36.4
            +---------+---------+-------+---------+---------+-------
        D:1 |      16 |      10 |  38.5 |      10 |       5 |  33.3
        D:2 |      70 |       8 |  10.3 |      22 |       3 |  12.0
        D:3 |     220 |      37 |  14.4 |      29 |       1 |   3.3
        D:4 |     569 |      34 |   5.6 |      20 |      11 |  35.5
        D:5 |     829 |       0 |   0.0 |      17 |       0 |   0.0
        D:6 |     722 |       5 |   0.7 |      16 |       1 |   5.9
        D:7 |     614 |     343 |  35.8 |      22 |       3 |  12.0
        D:8 |    3826 |       0 |   0.0 |      44 |       0 |   0.0
        D:9 |     471 |     286 |  37.8 |      14 |       9 |  39.1
       D:10 |    1665 |    1843 |  52.5 |      21 |       2 |   8.7
       D:11 |    6381 |       0 |   0.0 |      22 |       0 |   0.0
       D:12 |    6563 |   10205 |  60.9 |      35 |      29 |  45.3
       D:13 |    6745 |     449 |   6.2 |      19 |       1 |   5.0
       D:14 |   12331 |    3960 |  24.3 |      54 |      10 |  15.6
       D:15 |   17898 |    4354 |  19.6 |      31 |      10 |  24.4
     Lair:1 |    2726 |    4354 |  61.5 |      13 |       6 |  31.6
     Lair:2 |    3017 |     440 |  12.7 |      17 |       4 |  19.0
     Lair:3 |    5432 |    2763 |  33.7 |      27 |       7 |  20.6
     Lair:4 |    9887 |    2492 |  20.1 |      27 |       7 |  20.6
     Lair:5 |    1560 |    1606 |  50.7 |       5 |       7 |  58.3
     Lair:6 |   17088 |    7750 |  31.2 |      49 |      40 |  44.9
   Shoals:1 |   10471 |    6690 |  39.0 |      27 |       5 |  15.6
   Shoals:2 |   10103 |    4086 |  28.8 |      23 |       8 |  25.8
   Shoals:3 |   15806 |    3009 |  16.0 |      31 |       3 |   8.8
   Shoals:4 |   15210 |   32942 |  68.4 |      30 |      42 |  58.3
    Snake:1 |   11026 |    2107 |  16.0 |      23 |       1 |   4.2
    Snake:2 |   12223 |    6031 |  33.0 |      25 |       9 |  26.5
    Snake:3 |   13666 |       0 |   0.0 |      28 |       0 |   0.0
    Snake:4 |   14938 |   51405 |  77.5 |      35 |      71 |  67.0
    Slime:1 |    8110 |       0 |   0.0 |      13 |       0 |   0.0
    Slime:2 |   24088 |       0 |   0.0 |      42 |       0 |   0.0
    Slime:3 |   12156 |       0 |   0.0 |      23 |       0 |   0.0
    Slime:4 |   14394 |   14191 |  49.6 |      22 |       1 |   4.3
    Slime:5 |   12086 |   28745 |  70.4 |      28 |      11 |  28.2
      Orc:1 |    2092 |    3657 |  63.6 |      38 |      10 |  20.8
      Orc:2 |    5291 |    8812 |  62.5 |      38 |      26 |  40.6
      Elf:1 |   15406 |   11429 |  42.6 |      24 |      14 |  36.8
      Elf:2 |   13844 |   20352 |  59.5 |      26 |      26 |  50.0
      Elf:3 |   26809 |   48354 |  64.3 |      39 |      27 |  40.9
   Vaults:1 |   31752 |   17556 |  35.6 |      45 |      39 |  46.4
   Vaults:2 |   13292 |   21640 |  61.9 |      33 |      21 |  38.9
   Vaults:3 |   11334 |   38587 |  77.3 |      26 |      59 |  69.4
   Vaults:4 |   32991 |   13247 |  28.6 |      55 |      15 |  21.4
   Depths:1 |   23291 |   14402 |  38.2 |      29 |      19 |  39.6
   Depths:2 |   12066 |    8031 |  40.0 |      14 |       6 |  30.0
     Bailey |       0 |    1528 | 100.0 |       0 |      13 | 100.0
      IceCv |       0 |    7856 | 100.0 |       0 |      22 | 100.0
 Desolation |       0 |   51268 | 100.0 |       0 |     100 | 100.0
            +---------+---------+-------+---------+---------+-------
